Map: [ESL] Royal Blood

Players

Serral - Winner!

  • Race: Zerg Zerg
  • Spawn Location: 1:00

Wayne

  • Race: Zerg Zerg
  • Spawn Location: 7:00

Event: ESL SC2 Masters 2023 Summer (Regionals)

VOD

Have the link to the VOD?

Description

Time

  • Played on: May 10, 2023, 11:57 a.m.
  • Length: 12:06

All games in this series

Show
View Real Time Build Order
Export as new Build Order

Serral Zerg - Winner!

Build Orders: Hatch First 

Get SALT Encoding   

  12  0:00  Drone  
  13  0:11  Overlord  
  13  0:16  Drone  
  14  0:30  Drone x2  
  16  0:47  Hatchery  
  15  0:50  Drone  
  15  0:54  Drone  
  17  1:07  Spawning Pool  
  17  1:09  Extractor  
  15  1:12  Drone  
  15  1:15  Drone  
  17  1:19  Drone  
  18  1:27  Drone  
  19  1:39  Drone  
  20  1:48  Drone  
  21  1:58  Queen  
  21  1:59  Zergling x2, Queen  
  21  2:00  Overlord  
  26  2:09  Metabolic Boost  
  26  2:10  Drone  
  26  2:11  Drone  
  28  2:21  Zergling x2  
  28  2:22  Drone  
  30  2:32  Hatchery  
  30  2:35  Drone  
  30  2:38  Drone  
  30  2:42  Drone  
  32  2:45  Baneling Nest  
  32  2:50  Overlord  
  31  2:54  Drone  
  32  2:58  Zergling x2  
  33  3:08  Drone x4  
  33  3:10  Zergling x4  
  33  3:11  Zergling x2  
  40  3:15  Overlord  
  40  3:20  Drone  
  40  3:23  Queen  
  43  3:28  Drone  
  43  3:30  Baneling  
  43  3:33  Evolution Chamber  
  43  3:34  Drone  
  43  3:35  Drone  
  43  3:38  Drone x2  
  43  3:40  Baneling  
  47  3:44  Zergling x4  
  47  3:46  Drone x2  
  51  3:49  Overlord  
  51  3:53  Extractor  
  51  3:54  Baneling  
  50  3:56  Baneling x2  
  50  3:58  Drone  
  50  4:00  Drone x2  
  53  4:09  Roach Warren, Drone x2  
  54  4:12  Overlord  
  54  4:14  Overlord  
  54  4:19  Extractor  
  54  4:20  Drone  
  55  4:24  Zergling x4  
  55  4:25  Drone  
  55  4:28  Drone  
  55  4:29  Drone  
  57  4:31  Overlord  
  57  4:38  Zergling x4  
  57  4:40  Drone x2  
  61  4:51  Roach x5  
  71  4:57  Roach x3  
  77  5:03  Roach x2  
  80  5:07  Overlord, Spine Crawler  
  80  5:12  Roach  
  81  5:18  Roach x4  
  81  5:20  Roach  
  85  5:22  Roach  
  85  5:24  Roach  
  85  5:27  Roach  
  86  5:31  Roach  
  86  5:33  Zerg Missile Weapons Level 1  
  82  5:37  Roach  
  82  5:38  Roach  
  82  5:39  Roach  
  87  5:45  Zergling x4, Roach x2  
  91  5:53  Roach x3  
  97  5:58  Zergling x2  
  98  6:11  Lair, Overlord  
  98  6:12  Overlord  
  98  6:19  Overlord  
  98  6:23  Baneling x2  
  98  6:27  Drone  
  98  6:31  Drone x3  
  100  6:33  Zergling x4  
  100  6:34  Drone x2  
  100  6:38  Extractor  
  103  6:44  Drone x3  
  103  6:46  Roach x4  
  114  6:52  Overlord  
  114  6:57  Evolution Chamber  
  114  6:58  Drone  
  114  6:59  Drone x2  
  114  7:00  Drone x2  
  118  7:03  Extractor  
  118  7:05  Overlord  
  118  7:06  Drone x3  
  118  7:09  Overlord, Overseer  
  118  7:11  Glial Reconstitution  
  118  7:13  Overlord  
  118  7:15  Drone  
  119  7:17  Overlord  
  119  7:19  Overlord  
  118  7:25  Roach x2  
  118  7:29  Zerg Ground Armor Level 1, Zerg Missile Weapons Level 2  
  121  7:31  Drone x3  
  121  7:34  Extractor  
  124  7:37  Drone x4  
  124  7:38  Drone  
  124  7:42  Pneumatized Carapace  
  124  7:43  Overseer  
  128  7:48  Roach x2  
  132  7:52  Overlord  
  132  7:53  Overlord  
  132  7:54  Hatchery  
  132  7:55  Roach x2  
  132  7:58  Overlord  
  135  8:02  Roach x2  
  139  8:06  Roach x3  
  139  8:10  Overlord  
  145  8:18  Roach x5  
  155  8:23  Ravager  
  155  8:24  Ravager x3, Overlord  
  160  8:34  Hatchery  
  160  8:36  Tunneling Claws  
  160  8:37  Burrow  
  160  8:39  Roach x3  
  165  8:44  Overlord  
  165  8:46  Roach x5  
  175  8:53  Roach  
  175  8:54  Roach x3  
  183  8:57  Roach x2  
  183  9:02  Overseer  
  187  9:06  Roach x5  
  197  9:12  Overseer  
  197  9:14  Roach  
  199  9:28  Ravager  
  199  9:30  Overlord  
  200  9:35  Roach x11  
  199  9:56  Overlord  
  199  9:59  Overlord  
  199  10:01  Overlord  
  191  10:11  Roach x5  
  186  10:15  Roach  
  186  10:16  Roach x11  
  196  10:29  Roach x2  
  196  10:31  Roach x2  
  196  10:32  Roach x2  
  196  10:35  Queen  
  198  10:39  Roach x4  
  198  10:41  Roach  
  200  10:45  Hydralisk Den  
  200  10:46  Spine Crawler  
  200  10:47  Extractor  
  195  10:50  Roach x2  
  195  10:54  Roach  
  195  11:01  Roach x2  
  195  11:02  Roach x3  
  195  11:06  Roach x3  
  195  11:08  Roach Warren  
  195  11:09  Roach x4  
  195  11:11  Roach x5  
  196  11:18  Roach x6  
  196  11:21  Drone x17  
  196  11:25  Hydralisk x3  
  196  11:38  Hydralisk  
  196  11:39  Hydralisk x5  
Show
View Real Time Build Order
Export as new Build Order

Wayne Zerg 

Build Orders: Hatch First 

Get SALT Encoding   

  12  0:00  Drone  
  13  0:12  Overlord  
  13  0:16  Drone  
  14  0:30  Drone x2  
  16  0:47  Hatchery  
  15  0:50  Drone  
  15  0:53  Drone  
  17  0:57  Drone  
  18  1:07  Extractor  
  17  1:12  Spawning Pool  
  17  1:15  Drone  
  18  1:18  Drone  
  18  1:27  Drone  
  19  1:38  Drone  
  20  1:49  Drone  
  21  1:58  Queen  
  21  1:59  Zergling x2, Queen  
  21  2:00  Overlord  
  26  2:11  Metabolic Boost, Drone x2  
  28  2:20  Zergling x2  
  28  2:21  Drone  
  30  2:32  Hatchery  
  30  2:34  Zergling x2  
  30  2:37  Drone  
  30  2:43  Baneling Nest  
  30  2:45  Drone  
  30  2:49  Drone  
  32  2:55  Overlord  
  32  2:58  Drone  
  33  3:06  Drone  
  34  3:13  Drone x2  
  34  3:14  Zergling x2  
  34  3:15  Zergling x4  
  34  3:18  Drone  
  40  3:23  Queen  
  42  3:28  Evolution Chamber  
  42  3:30  Overlord  
  42  3:31  Drone  
  42  3:37  Drone  
  42  3:40  Extractor, Roach Warren  
  41  3:44  Drone x3  
  41  3:47  Drone  
  45  3:49  Baneling  
  45  3:50  Drone  
  45  4:05  Drone  
  45  4:09  Overlord, Drone  
  47  4:10  Overlord  
  47  4:22  Roach  
  47  4:23  Roach  
  51  4:26  Roach x3  
  51  4:30  Roach x4  
  64  4:37  Roach  
  64  4:38  Roach x2  
  70  4:42  Overlord  
  70  4:44  Zergling x2  
  71  4:48  Zergling x4  
  71  4:51  Baneling x3  
  71  4:52  Baneling x2  
  73  4:56  Zergling x2  
  73  4:57  Baneling  
  73  4:59  Overlord  
  74  5:04  Zergling x2  
  74  5:05  Zergling x4  
  77  5:08  Baneling x2  
  77  5:12  Zergling x8  
  81  5:19  Zergling x6  
  77  5:23  Zergling x6  
  77  5:24  Ravager  
  77  5:27  Zergling x4  
  77  5:31  Zergling x4  
  68  5:36  Zerg Missile Weapons Level 1  
  68  5:40  Drone x3  
  66  5:42  Ravager  
  66  5:46  Drone  
  66  5:49  Drone x4  
  69  5:57  Roach  
  69  6:00  Extractor  
  69  6:05  Drone  
  69  6:06  Drone x7  
  69  6:11  Lair  
  77  6:15  Roach  
  77  6:16  Extractor  
  77  6:17  Roach  
  80  6:19  Drone  
  80  6:22  Overlord  
  80  6:25  Roach x2  
  85  6:31  Overlord  
  85  6:34  Roach x2  
  85  6:39  Overlord x2, Drone  
  90  6:42  Drone x2  
  90  6:43  Drone  
  93  6:49  Drone x4  
  93  6:50  Drone  
  98  6:56  Drone  
  103  7:01  Roach x4  
  103  7:07  Extractor  
  106  7:09  Overseer  
  106  7:11  Glial Reconstitution  
  106  7:14  Roach x5  
  116  7:16  Drone  
  116  7:19  Evolution Chamber  
  116  7:20  Extractor, Drone x2  
  116  7:21  Drone  
  118  7:24  Roach  
  118  7:25  Roach  
  118  7:28  Overlord  
  122  7:39  Zerg Missile Weapons Level 2  
  122  7:40  Overlord  
  122  7:45  Zerg Ground Armor Level 1  
  122  7:47  Overlord  
  122  7:48  Drone x2  
  122  7:50  Roach x3  
  129  8:02  Overlord  
  129  8:04  Ravager x3  
  132  8:06  Roach x2  
  132  8:07  Roach  
  132  8:09  Hatchery  
  137  8:13  Roach x4  
  137  8:17  Overlord  
  145  8:20  Overlord  
  145  8:23  Roach  
  145  8:24  Roach  
  145  8:25  Ravager x2  
  151  8:27  Roach  
  151  8:31  Overlord  
  150  8:35  Roach  
  150  8:36  Roach x3  
  156  8:42  Roach x3  
  156  8:44  Roach  
  156  8:48  Roach x2  
  168  8:52  Roach x3  
  168  8:55  Overlord  
  174  8:56  Overseer  
  174  9:04  Overlord x3  
  174  9:10  Overseer  
  174  9:14  Roach  
  174  9:15  Ravager  
  177  9:18  Overlord  
  177  9:21  Roach  
  177  9:22  Roach x2  
  177  9:23  Baneling  
  177  9:24  Baneling  
  183  9:25  Overlord  
  183  9:28  Roach  
  183  9:29  Roach x4  
  193  9:34  Ravager x2  
  193  9:35  Roach x2  
  199  9:43  Roach  
  199  9:50  Overlord  
  199  9:59  Roach x2  
  200  10:00  Roach  
  200  10:01  Overseer  
  200  10:02  Pneumatized Carapace  
  189  10:08  Roach x6  
  183  10:15  Roach x10  
  197  10:23  Spine Crawler  
  193  10:30  Spore Crawler  
  193  10:33  Roach x6  
  192  10:45  Roach x4  
  196  10:58  Roach x2  
  196  11:02  Roach  
  196  11:03  Roach x5  
  193  11:07  Roach x2  
  190  11:14  Roach  
  185  11:18  Roach  
  185  11:22  Roach  
  183  11:30  Roach x3  
  178  11:36  Roach x3  
  149  11:40  Roach  
Tags
 
Add a new tag
Caveats
  • Supply blocks, unpowered buildings, or Contaminate may cause inaccurate times.
  • Supply counts are checked every 10 seconds.